 Dungeon Crawl Stone Soup version 0.23.0 (webtiles) character file.

Game seed: 14419772656545053902

254 Fuodd the Sneak (level 5, -2/24 HPs)
             Began as a Spriggan Enchanter on Feb 16, 2019.
             Slain by an orc warrior
             ... wielding a +0 trident
              (9 damage)
             ... on level 3 of the Dungeon.
             The game lasted 00:22:28 (3043 turns).

Fuodd the Sneak (Spriggan Enchanter)                Turns: 3043, Time: 00:22:28

Health: -2/24      AC:  3    Str:  4    XL:     5   Next: 90%
Magic:  2/11       EV: 18    Int: 17    God:
Gold:   151        SH:  0    Dex: 17    Spells: 5/11 levels left

rFire    . . .     SeeInvis +   a - +1 dagger
rCold    . . .     Gourm    .   (shield restricted)
rNeg     . . .     Faith    .   b - +0 robe
rPois    .         Spirit   .   (helmet restricted)
rElec    .         Reflect  .   r - +0 cloak
rCorr    .         Harm     .   (gloves unavailable)
MR       .....                  (boots unavailable)
Stlth    +++.......             (no amulet)
HPRegen  0.08/turn              (no ring)
MPRegen  0.12/turn              (no ring)

@: very quick
A: very small, unfitting armour, see invisible, herbivore, speed 3, slow
metabolism 2
a: no special abilities


You were on level 3 of the Dungeon.
You were hungry.

You visited 1 branch of the dungeon, and saw 3 of its levels.

You collected 151 gold pieces.

Inventory:

Hand Weapons
 a - a +1 dagger (weapon)
Missiles
 f - 84 stones (quivered)
Armour
 b - a +0 robe (worn)
 r - a +0 cloak (worn)
Wands
 q - a wand of flame (16)
Scrolls
 c - 3 scrolls of noise {unknown}
 i - 3 scrolls of remove curse {unknown}
 k - a scroll of blinking {unknown}
 n - a scroll of random uselessness {unknown}
 o - a scroll of enchant armour {unknown}
 p - 3 scrolls of identify {unknown}
 s - a scroll of fear {unknown}
 t - 2 scrolls of magic mapping {unknown}
 u - a scroll of immolation {unknown}
Potions
 e - 3 potions of lignification {unknown}
 g - 3 potions of ambrosia {unknown}
 h - 2 potions of heal wounds {unknown}
 j - a potion of resistance {unknown}
 l - a potion of curing {unknown}
 m - a potion of magic {unknown}
Comestibles
 d - 3 rations


   Skills:
 - Level 2.8 Short Blades
 + Level 3.2 Dodging
 + Level 6.5 Stealth
 + Level 3.7 Spellcasting
 + Level 4.9 Hexes
 + Level 1.6 Ice Magic


You had 5 spell levels left.
You knew the following spells:

 Your Spells              Type           Power        Failure   Level  Hunger
a - Corona                Hex            ###....      2%          1    None
b - Ensorcelled Hibernat  Hex/Ice        ##....       6%          2    ##.....
c - Confuse               Hex            ###.....     6%          3    ###....

Your spell library contained the following spells:

 Spells                   Type           Power        Failure   Level  Hunger
 Tukima's Dance           Hex            ###.....     6%          3    ###....
 Dazzling Spray           Conj/Hex       ##....       17%         3    ###....


Dungeon Overview and Level Annotations

Branches:
Dungeon (3/15)

Altars:
Trog


Innate Abilities, Weirdness & Mutations

You are very small and have problems with some larger weapons.
You are too small for most types of armour.
You have supernaturally acute eyesight. (SInv)
You are a herbivore.
You cover ground extremely quickly.
You need to consume almost no food.


Message History

Aim: an orc warrior, wielding a +0 trident and wearing a +0 chain mail (chance to defeat MR: 45%)
The orc warrior resists with some effort.
The orc warrior closely misses you.
Casting: Ensorcelled Hibernation (safe; 6% risk of failure)
Confirm with . or Enter, or press ? or * to list all spells.
Aiming: Ensorcelled Hibernation (safe; 6% risk of failure)
Press: ? - help, Shift-Dir - straight line, f/p - orc warrior
Aim: an orc warrior, wielding a +0 trident and wearing a +0 chain mail (chance to defeat MR: 45%)
The orc warrior resists with some effort.
Casting: Ensorcelled Hibernation (safe; 6% risk of failure)
Confirm with . or Enter, or press ? or * to list all spells.
Aiming: Ensorcelled Hibernation (safe; 6% risk of failure)
Press: ? - help, Shift-Dir - straight line, f/p - orc warrior
Aim: an orc warrior, wielding a +0 trident and wearing a +0 chain mail (chance to defeat MR: 45%)
The orc warrior resists with some effort.
The orc warrior hits you from afar with a +0 trident!
Ouch! That really hurt!
* * * LOW HITPOINT WARNING * * *
The orc warrior hits you from afar with a +0 trident!
You die...

...'....# ... ...###..### .?
#.### ... ...# #..<.# #.###.... .
... ######....# ..##... .# ...
#.......(.# #.##o. .. ...
#.........# #.##.# .# ...
#.......######..#o##..########†..
#.................)...#..........
.............(<.@.##.##....†.....
.............(....##.##........##
..................##.##........#
..................##.##........#
.......##.....#......##...†....#
....### #.....#......##.)......#
### #######......##........#
#..>...'.........#
#......###########


You could see an orc warrior and an orc wizard.

Vanquished Creatures
  Sigmund (D:2)
  3 adders (D:3)
  5 worms
  A dart slug (D:3)
  2 leopard geckos
  2 orcs (D:3)
  2 giant cockroaches
  2 hobgoblins (D:1)
  10 jackals (D:1)
  2 quokkas (D:3)
  3 bats
  A frilled lizard (D:1)
  4 goblins (D:1)
  2 kobolds
  9 rats
49 creatures vanquished.

Notes
Turn   | Place    | Note
-------+----------+-------------------------------------------
     0 | D:1      | Fuodd the Spriggan Enchanter began the quest for the Orb.
     0 | D:1      | Reached XP level 1. HP: 9/9 MP: 5/5
   388 | D:1      | Reached XP level 2. HP: 11/13 MP: 4/6
   444 | D:1      | Learned a level 2 spell: Ensorcelled Hibernation
  1135 | D:1      | Reached skill level 5 in Stealth
  1519 | D:1      | Reached XP level 3. HP: 16/16 MP: 1/8
  2079 | D:2      | Learned a level 3 spell: Confuse
  2199 | D:2      | Noticed Sigmund
  2204 | D:2      | Killed Sigmund
  2204 | D:2      | Reached skill level 6 in Stealth
  2204 | D:2      | Reached skill level 1 in Ice Magic
  2204 | D:2      | Reached XP level 4. HP: 14/21 MP: 3/10
  2204 | D:2      | Reached XP level 5. HP: 16/24 MP: 3/11
  2608 | D:3      | Found a bloodstained altar of Trog.
  2886 | D:3      | Noticed an orc warrior
  3043 | D:3      | Slain by an orc warrior

Skill      XL: |  1  2  3 |
---------------+----------+-----
Hexes          | 4 |  4.9
Stealth        | 5 6 |  6.5
Short Blades   | 2 |  2.8
Spellcasting   | 3 |  3.7
Ice Magic      | 1 |  1.6
Dodging        | |  3.2

Action                   |  1- 3 |  4- 6 || total
-------------------------+-------+-------++-------
Melee: Dagger            |    87 |    21 ||   108
Throw: Stone             |     1 |       ||     1
 Cast: Corona            |    12 |       ||    12
       Ensorcelled Hiber |    32 |    23 ||    55
       Confuse           |     1 |       ||     1
 Stab: Sleeping          |    21 |    18 ||    39
       Confused          |     1 |       ||     1
  Eat: Ration            |       |     1 ||     1
Armor: Robe              |     7 |     2 ||     9
Dodge: Dodged            |    73 |    10 ||    83
